[Event "Titled Tuesday Blitz October 18 Late 2022"]
[White "Ibadov, Dashgyn"]
[Black "Hoffmann, Asa"]
[WhiteFideId "24107514"]
[BlackFideId "2001470"]
[WhiteElo "2208"]
[BlackElo "2117"]
[Result "1-0"]
[Round "02"]
[TimeControl "180+1"]
[Date "2022.10.19"]
[WhiteClock "0:00:16"]
[BlackClock "0:00:16"]

1. e4 d6 2. d4 Nf6 3. Nc3 c6 4. f4 Qa5 5. e5 Ne4 6. Bd2 Nxd2 7. Qxd2 d5 8. Nf3 Bf5 9. Bd3 Bxd3 10. Qxd3 e6 11. f5 Qa6 12. fxe6 fxe6 13. Qe3 Nd7 14. O-O-O Be7 15. Kb1 O-O-O 16. Ne2 Nf8 17. h4 h6 18. g4 Qb6 19. Ng3 c5 20. Nh5 g6 21. Nf6 Nd7 22. g5 h5 23. c3 Rhf8 24. Qd3 Bxf6 25. gxf6 Rg8 26. Rhg1 Nf8 27. Ng5 Rd7 28. Nh3 Qd8 29. dxc5 Qc7 30. Qd4 Kb8 31. Nf4 Rf7 32. Nxh5 Rh8 33. Ng7 Rxg7 34. fxg7 Qxg7 35. c4 Nd7 36. cxd5 Qxe5 37. Qxe5+ Nxe5 38. dxe6 Re8 39. Rge1 Nc6 40. e7 Kc7 41. Rd6 Rxe7 42. Rxe7+ Nxe7 43. Kc2 b6 44. Re6 Kd7 45. cxb6 axb6 46. Rxb6 Nd5 47. Rb3 Nf4 48. Rf3 Ne6 49. Rf6 Nd4+ 50. Kd3 Nf5 51. Rxf5 gxf5 52. Ke3 Ke6 53. Kf4 Kf6 54. a4 1-0


[Site "https://www.chess.com"]

[Event "Titled Tuesday Blitz October 18 Late 2022"]
[White "Itkis, Boris"]
[Black "Leenhouts, Koen"]
[WhiteFideId "1209167"]
[BlackFideId "1008439"]
[WhiteElo "2232"]
[BlackElo "2409"]
[Result "1-0"]
[Round "02"]
[TimeControl "180+1"]
[Date "2022.10.19"]
[WhiteClock "0:00:52"]
[BlackClock "0:01:17"]

1. c4 e5 2. Nf3 Nc6 3. Nc3 Nf6 4. e4 Bb4 5. d3 d6 6. a3 Bxc3+ 7. bxc3 Bg4 8. g3 O-O 9. Bg2 Nd7 10. h3 Bxf3 11. Qxf3 Nc5 12. O-O Qd7 13. g4 Nb3 14. Ra2 Nxc1 15. Rxc1 Ne7 16. d4 Ng6 17. Qf5 Qc6 18. c5 Nh4 19. Qg5 Nxg2 20. d5 Qxc5 21. Kxg2 Qc4 22. Rb2 Qxe4+ 23. f3 Qxd5 24. Rd2 Qc6 25. h4 Rae8 26. h5 e4 27. h6 exf3+ 28. Kh3 g6 29. Qf6 1-0


[Site "https://www.chess.com"]

[Event "Titled Tuesday Blitz October 18 Late 2022"]
[White "Izuzquiza Gonzalez, Javier"]
[Black "Graif, William"]
[WhiteFideId "3101029"]
[BlackFideId "2609835"]
[WhiteElo "2034"]
[BlackElo "2205"]
[Result "0-1"]
[Round "02"]
[TimeControl "180+1"]
[Date "2022.10.19"]
[WhiteClock "0:00:09"]
[BlackClock "0:00:10"]

1. d4 Nf6 2. c4 e5 3. dxe5 Ng4 4. Bf4 Nc6 5. Nf3 f6 6. exf6 Qxf6 7. Qc1 Bb4+ 8. Bd2 Bc5 9. e3 O-O 10. Be2 Nce5 11. Bc3 Nxf3+ 12. Bxf3 Qh4 13. Qd2 Bxe3 14. Qd5+ Kh8 15. g3 Bxf2+ 16. Ke2 Qe7+ 17. Qe4 Qxe4+ 18. Bxe4 d5 19. cxd5 Bd7 20. Nd2 Rae8 21. h3 Nf6 22. Kd3 Nxe4 23. Nxe4 Bf5 24. Rae1 Bxe1 25. Rxe1 Rxe4 0-1


[Site "https://www.chess.com"]

[Event "Titled Tuesday Blitz October 18 Late 2022"]
[White "Jaracz, Pawel"]
[Black "Roque Sola, Gisela"]
[WhiteFideId "1102222"]
[BlackFideId "5120241"]
[WhiteElo "2459"]
[BlackElo "1961"]
[Result "1-0"]
[Round "02"]
[TimeControl "180+1"]
[Date "2022.10.19"]
[WhiteClock "0:00:18"]
[BlackClock "0:00:15"]

1. d4 Nf6 2. Nc3 d5 3. Bg5 e6 4. f3 Be7 5. e4 dxe4 6. fxe4 O-O 7. Nf3 Nbd7 8. Bd3 h6 9. Bh4 c5 10. e5 Nd5 11. Bxe7 Qxe7 12. Nxd5 exd5 13. c3 cxd4 14. cxd4 f6 15. O-O fxe5 16. dxe5 Nxe5 17. Nxe5 Rxf1+ 18. Qxf1 Qxe5 19. Re1 Qd4+ 20. Kh1 Bg4 21. h3 Rf8 22. Bh7+ Kxh7 23. Qxf8 Bh5 24. Re7 Qxb2 25. Qf5+ Bg6 26. Qe5 Qxe5 27. Rxe5 Be4 28. Re7 b5 29. Rxa7 Bd3 30. Rd7 Bc4 31. a3 Kg6 32. Kh2 Kf6 33. h4 h5 34. Kg3 g5 35. Rh7 Kg6 36. Rd7 Kf6 37. Rd6+ Kf5 38. Rh6 Be2 39. Kf2 Bc4 40. Rxh5 Kg4 41. Rxg5+ Kxh4 42. Rg7 d4 43. Kf3 d3 44. Kf4 Kh5 45. g4+ Kh6 46. Rd7 Kg6 47. Rd6+ Kg7 48. Kf5 Kf7 49. g5 Ke7 50. Rd4 Kf7 51. g6+ Kg7 52. Rd7+ Kg8 53. Kf6 1-0


[Site "https://www.chess.com"]

[Event "Titled Tuesday Blitz October 18 Late 2022"]
[White "Jean Louis, Marckens"]
[Black "Winkels, Marcel"]
[WhiteFideId "11900270"]
[BlackFideId "1003887"]
[WhiteElo "2030"]
[BlackElo "1900"]
[Result "0-1"]
[Round "02"]
[TimeControl "180+1"]
[Date "2022.10.19"]
[WhiteClock "0:00:14"]
[BlackClock "0:00:13"]

1. d4 Nf6 2. Nf3 g6 3. c4 Bg7 4. Nc3 d5 5. cxd5 Nxd5 6. e4 Nxc3 7. bxc3 c5 8. Be2 Nc6 9. Be3 Qa5 10. O-O O-O 11. Qb3 cxd4 12. cxd4 Qb4 13. Qd1 Bg4 14. d5 Rfd8 15. Rb1 Qa3 16. Rxb7 Qxa2 17. h3 Bxf3 18. Bxf3 Ne5 19. Rxe7 a5 20. Be2 a4 21. Rc7 a3 22. f4 Nd7 23. Bc4 Qb2 24. Rf2 Qb8 25. d6 Nb6 26. Bxf7+ Kh8 27. e5 Qxc7 28. Qg4 Qxf7 29. Bxb6 Rdb8 30. Bc7 a2 31. Rxa2 Rb1+ 32. Kh2 Qxa2 33. e6 Rb2 34. d7 Bf6 35. f5 Rg8 36. d8=Q Bxd8 37. Be5+ Rg7 38. Bxb2 Qxb2 39. Qe4 gxf5 40. Qa8 Qxg2+ 41. Qxg2 Rxg2+ 42. Kxg2 Kg7 43. Kf3 Kf6 44. Kf4 Kxe6 0-1


[Site "https://www.chess.com"]

[Event "Titled Tuesday Blitz October 18 Late 2022"]
[White "Jimenez Jimenez, Leandro"]
[Black "Manukyan, Artyom"]
[WhiteFideId "6415253"]
[BlackFideId "13305786"]
[WhiteElo "2217"]
[BlackElo "2078"]
[Result "1-0"]
[Round "02"]
[TimeControl "180+1"]
[Date "2022.10.19"]
[WhiteClock "0:00:37"]
[BlackClock "0:00:04"]

1. d4 d5 2. c4 e6 3. Nc3 Nf6 4. cxd5 exd5 5. Bg5 c6 6. e3 Qb6 7. a3 Ne4 8. Nxe4 dxe4 9. Qd2 Be6 10. Ne2 Bd5 11. Nc3 Nd7 12. Be2 Bd6 13. O-O O-O 14. Bh4 f5 15. Rac1 Rae8 16. Bg3 Rf6 17. Nxd5 cxd5 18. Rc3 Ref8 19. Bxd6 Qxd6 20. g3 g5 21. f4 exf3 22. Bxf3 f4 23. gxf4 gxf4 24. e4 dxe4 25. Bxe4 Kh8 26. Kh1 Nb6 27. d5 Qe5 28. Bf3 Rd6 29. Re1 Qf6 30. Rc7 Nd7 31. Re6 Rxe6 32. dxe6 Ne5 33. Be4 Ng6 34. Qd7 Ne7 35. Qxe7 Qxe7 36. Rxe7 f3 37. Kg1 f2+ 38. Kf1 1-0


[Site "https://www.chess.com"]

[Event "Titled Tuesday Blitz October 18 Late 2022"]
[White "Kanter, Eduard"]
[Black "Efremov, Vladislav"]
[WhiteFideId "4103963"]
[BlackFideId "44159935"]
[WhiteElo "2267"]
[BlackElo "2118"]
[Result "1/2-1/2"]
[Round "02"]
[TimeControl "180+1"]
[Date "2022.10.19"]
[WhiteClock "0:00:06"]
[BlackClock "0:01:19"]

1. d4 Nf6 2. c4 e6 3. Nf3 d5 4. g3 dxc4 5. Bg2 Bb4+ 6. Nc3 a5 7. O-O O-O 8. Ne5 Nd5 9. Qc2 Bxc3 10. bxc3 b5 11. a4 c6 12. Rb1 Ba6 13. Nxc6 Nxc6 14. axb5 Ncb4 15. cxb4 Bxb5 16. bxa5 Qxa5 17. Bd2 Qa4 18. Qxa4 Bxa4 19. Rfc1 Rfc8 20. Be1 Bb3 21. e4 Nf6 22. Bc3 Ra2 23. Ra1 Rca8 24. Rxa2 Rxa2 25. f3 Nd7 26. Bf1 Nb6 27. Ra1 Rxa1 28. Bxa1 Na4 29. Kf2 Kf8 30. Ke3 Ke7 31. Kd2 Kd6 32. Bc3 Kc6 33. Bb4 Kb5 34. Ba3 Nb6 35. Bc5 Na4 36. Ba3 Nb6 37. Bc5 Na4 38. Ba3 1/2-1/2


[Site "https://www.chess.com"]

[Event "Titled Tuesday Blitz October 18 Late 2022"]
[White "Keymer, Vincent"]
[Black "Dilanyan, Grigor"]
[WhiteFideId "12940690"]
[BlackFideId "13303570"]
[WhiteElo "2600"]
[BlackElo "2264"]
[Result "1-0"]
[Round "02"]
[TimeControl "180+1"]
[Date "2022.10.18"]
[WhiteClock "0:00:38"]
[BlackClock "0:01:01"]

1. h3 e5 2. c3 d5 3. d4 exd4 4. cxd4 Bd6 5. Nf3 h6 6. Nc3 c6 7. e4 dxe4 8. Nxe4 Bb4+ 9. Bd2 Bxd2+ 10. Qxd2 Nf6 11. Bd3 O-O 12. O-O Nbd7 13. Ng3 Nb6 14. Rfe1 Be6 15. Ne5 Qd6 16. Rad1 Rad8 17. Bb1 Nc4 18. Qc2 Qb4 19. Nh5 Rfe8 20. Nxf6+ gxf6 21. Qh7+ Kf8 22. Nd3 Qb6 23. Nc5 Nxb2 24. Nxe6+ Rxe6 25. Rxe6 fxe6 26. Bg6 1-0


[Site "https://www.chess.com"]

[Event "Titled Tuesday Blitz October 18 Late 2022"]
[White "Khumalo, Keith"]
[Black "Jobava, Baadur"]
[WhiteFideId "14319470"]
[BlackFideId "13601520"]
[WhiteElo "2056"]
[BlackElo "2582"]
[Result "0-1"]
[Round "02"]
[TimeControl "180+1"]
[Date "2022.10.18"]
[WhiteClock "0:00:30"]
[BlackClock "0:00:29"]

1. d4 Nf6 2. c4 c5 3. d5 d6 4. Nc3 g6 5. Nf3 Bg7 6. h3 O-O 7. Bf4 Re8 8. e3 a6 9. a4 Nbd7 10. Be2 h6 11. Bh2 Nf8 12. O-O g5 13. Nd2 Ng6 14. e4 e5 15. dxe6 Bxe6 16. a5 Qe7 17. Re1 Rad8 18. Nf1 Nf4 19. Ne3 Qf8 20. Bf1 Nd7 21. Qb3 Ne5 22. Ncd5 Bxd5 23. cxd5 Nxh3+ 24. gxh3 Nf3+ 25. Kh1 Nxe1 26. Rxe1 Rxe4 27. Bd3 Rb4 28. Qc2 Rxb2 29. Qc4 Rxf2 30. Qe4 Qe8 31. Qh7+ Kf8 32. Bg3 Rf3 33. Nf5 Qxe1+ 34. Bxe1 Be5 35. Qxh6+ Ke8 36. Be2 Rxf5 37. Kg2 Bf4 38. Bd1 Ke7 39. Bc3 Be5 40. Bc2 Rf6 41. Qh7 Bxc3 42. Qe4+ Be5 43. Bd1 Rf4 44. Qb1 Rb4 45. Qf5 Bf6 46. Bg4 Rb2+ 47. Kf1 Rb4 48. Ke2 Rf4 49. Qb1 Kf8 50. Qxb7 Re8+ 51. Kd2 c4 52. Qb6 Kg7 53. Kc2 Bd4 54. Qxd6 Rf2+ 55. Kd1 c3 56. Be6 c2+ 0-1


[Site "https://www.chess.com"]

[Event "Titled Tuesday Blitz October 18 Late 2022"]
[White "Kirillov, Dmitry"]
[Black "Floresvillar Gonzalez, Luis Migu"]
[WhiteFideId "34180572"]
[BlackFideId "5100542"]
[WhiteElo "2095"]
[BlackElo "2040"]
[Result "1-0"]
[Round "02"]
[TimeControl "180+1"]
[Date "2022.10.19"]
[WhiteClock "0:02:01"]
[BlackClock "0:00:49"]

1. e4 c6 2. d4 d5 3. Nc3 dxe4 4. Nxe4 Bf5 5. Ng3 Bg6 6. Nf3 Nd7 7. h4 h6 8. h5 Bh7 9. Bd3 Bxd3 10. Qxd3 e6 11. Bd2 Qb6 12. O-O-O Ngf6 13. Ne5 Nxe5 14. dxe5 Nd5 15. c4 Nb4 16. Bxb4 Bxb4 17. Qd7+ Kf8 18. Ne4 Kg8 19. Rh3 Rf8 20. Rg3 Kh7 21. Qd3 f5 22. exf6 Rhg8 23. Ng5+ 1-0


[Site "https://www.chess.com"]

[Event "Titled Tuesday Blitz October 18 Late 2022"]
[White "Kouskoutis, Georgios-Alexandros"]
[Black "Rosenberg, Evan S"]
[WhiteFideId "4234049"]
[BlackFideId "2019299"]
[WhiteElo "2187"]
[BlackElo "2366"]
[Result "1-0"]
[Round "02"]
[TimeControl "180+1"]
[Date "2022.10.19"]
[WhiteClock "0:00:07"]
[BlackClock "0:00:10"]

1. Nf3 d5 2. g3 Nd7 3. d4 Nb6 4. Bg2 Nf6 5. O-O Bf5 6. c3 h6 7. a4 a5 8. b3 e6 9. Ba3 Bxa3 10. Nxa3 O-O 11. Nd2 c6 12. Re1 Re8 13. e4 dxe4 14. Nxe4 Nxe4 15. Bxe4 Bxe4 16. Rxe4 Nd5 17. Qc2 Qf6 18. Nc4 b5 19. Ne5 b4 20. cxb4 Nxb4 21. Qc4 Nd5 22. Kg2 c5 23. dxc5 Red8 24. Rae1 Rac8 25. c6 Nb4 26. Rf4 Qg5 27. Nxf7 Qd5+ 28. Ree4 Rf8 29. Ne5 Rxf4 30. Qxd5 Nxd5 31. gxf4 Ne7 32. Rc4 Rc7 33. Rc5 Nd5 34. f5 Nf4+ 35. Kf3 Nh3 36. Kg4 Nxf2+ 37. Kf3 Nh3 38. fxe6 Ng5+ 39. Kg4 Nxe6 40. Rxa5 Kh7 41. b4 Nd4 42. b5 Nb3 43. Ra8 Re7 44. Kf5 Nd4+ 45. Kf4 Ne6+ 46. Ke4 Nc5+ 47. Kd5 Ne6 48. b6 Nf4+ 49. Ke4 Ng6 50. c7 Rxe5+ 51. Kd4 Re1 52. c8=Q Rd1+ 53. Kc3 Rc1+ 54. Kb2 Rxc8 55. Rxc8 Ne7 56. b7 Nxc8 57. bxc8=Q Kg6 58. Qe6+ Kh5 59. a5 g5 60. a6 g4 61. a7 g3 62. Qf5+ Kh4 63. hxg3+ Kxg3 64. a8=Q h5 65. Qaf3+ Kh4 66. Q5xh5# 1-0


[Site "https://www.chess.com"]

[Event "Titled Tuesday Blitz October 18 Late 2022"]
[White "Kravtsiv, Martyn"]
[Black "Al-Tarboush, Ward"]
[WhiteFideId "14113147"]
[BlackFideId "7601450"]
[WhiteElo "2694"]
[BlackElo "2269"]
[Result "1-0"]
[Round "02"]
[TimeControl "180+1"]
[Date "2022.10.18"]
[WhiteClock "0:01:26"]
[BlackClock "0:01:19"]

1. e4 b6 2. d4 Bb7 3. Bd3 e6 4. Nf3 c5 5. c4 cxd4 6. Nxd4 Nc6 7. Be3 Ne5 8. O-O Nf6 9. Nc3 Bb4 10. f3 Bxc3 11. bxc3 Nxd3 12. Qxd3 O-O 13. Nb5 d5 14. cxd5 exd5 15. e5 Nd7 16. f4 Nc5 17. Bxc5 bxc5 18. Nd6 Bc6 19. c4 d4 20. Qa3 Rb8 21. Qxc5 Ba8 22. Qxd4 Qh4 23. Rf2 Rb4 24. Qxa7 Rfb8 25. Qxf7+ Kh8 26. Qxg7+ Kxg7 27. Nf5+ Kf7 28. Nxh4 Rxc4 29. a4 Bb7 30. a5 Ba6 31. Nf3 Rbc8 32. h3 h6 33. Rd1 Rxf4 34. Rd7+ Ke6 35. Rd6+ Ke7 36. Rxa6 1-0


[Site "https://www.chess.com"]

[Event "Titled Tuesday Blitz October 18 Late 2022"]
[White "Kunin, Vitaly"]
[Black "Maksimovic, Bojan"]
[WhiteFideId "4128737"]
[BlackFideId "14408120"]
[WhiteElo "2417"]
[BlackElo "2447"]
[Result "0-1"]
[Round "02"]
[TimeControl "180+1"]
[Date "2022.10.18"]
[WhiteClock "0:00:03"]
[BlackClock "0:00:07"]

1. d4 Nf6 2. c4 g6 3. Nc3 Bg7 4. e4 d6 5. Be2 Nbd7 6. Bg5 h6 7. Be3 e5 8. d5 Nc5 9. Qc2 b6 10. b4 Ncd7 11. Rc1 O-O 12. Nf3 Nh5 13. Nd2 Nf4 14. Bf3 f5 15. g3 Nh3 16. Bg2 f4 17. Bxh3 fxe3 18. fxe3 Qg5 19. Qd3 a5 20. a3 axb4 21. axb4 Nc5 22. bxc5 Bxh3 23. cxd6 cxd6 24. Kd1 Rf2 25. Kc2 h5 26. Kb3 Bh6 27. Nd1 Rg2 28. Rc2 Bd7 29. Nc3 Qxe3 30. Qxe3 Bxe3 31. Nf3 Ra3+ 32. Kb2 Rxc2+ 33. Kxc2 Kg7 34. Rb1 Bd4 35. Nxd4 exd4 36. Nd1 Bg4 37. Rxb6 Bf3 38. Nb2 Bxe4+ 39. Kd2 Rf3 40. Rxd6 Rf2+ 41. Kc1 Rf1+ 42. Kd2 Rf2+ 43. Kc1 d3 44. Nd1 d2+ 45. Kb2 Rf1 46. Nc3 d1=Q 47. Nxd1 Rxd1 48. Kc3 Rd3+ 49. Kb4 Rd2 50. Re6 Bf5 51. Re1 Rxh2 52. c5 Rb2+ 53. Ka5 Kf6 54. c6 Rd2 55. c7 Rxd5+ 56. Kb6 Rd2 57. Rc1 Rb2+ 58. Ka5 Bc8 59. Rc6+ Kg5 60. Rc5+ Kg4 61. Rc6 g5 62. Rc5 h4 63. gxh4 gxh4 64. Rc4+ Kg3 65. Rc3+ Kg2 66. Rc4 h3 67. Rh4 h2 68. Rb4 Rxb4 69. Kxb4 h1=Q 70. Kc5 Qh6 71. Kb5 Qa6+ 72. Kb4 Kg3 0-1


[Site "https://www.chess.com"]

[Event "Titled Tuesday Blitz October 18 Late 2022"]
[White "Li, Hui"]
[Black "Osmak, Yuliia"]
[WhiteFideId "15400310"]
[BlackFideId "14101602"]
[WhiteElo "1954"]
[BlackElo "2328"]
[Result "0-1"]
[Round "02"]
[TimeControl "180+1"]
[Date "2022.10.19"]
[WhiteClock "0:00:09"]
[BlackClock "0:01:08"]

1. e4 c5 2. Nf3 d6 3. d4 cxd4 4. Nxd4 Nf6 5. Nc3 a6 6. Be2 e6 7. O-O Nbd7 8. f4 b5 9. Bf3 Bb7 10. e5 Bxf3 11. Nxf3 dxe5 12. fxe5 Qb6+ 13. Kh1 Ng4 14. Qe2 Rc8 15. h3 h5 16. Bf4 Be7 17. hxg4 hxg4+ 18. Nh2 Rc4 19. Bg3 Bh4 20. Bxh4 Rxh4 21. g3 Rh3 22. Ne4 Qc6 23. Rae1 Nc5 24. Qxg4 Rxe4 25. Rxe4 Nxe4 26. Qxg7 Nxg3+ 27. Kg1 Qh1+ 28. Kf2 Rxh2+ 29. Kxg3 Qg2+ 0-1


[Site "https://www.chess.com"]

[Event "Titled Tuesday Blitz October 18 Late 2022"]
[White "Li, Ruifeng"]
[Black "Ozdemir, Serhan Berat"]
[WhiteFideId "2061074"]
[BlackFideId "6374611"]
[WhiteElo "2441"]
[BlackElo "2016"]
[Result "1-0"]
[Round "02"]
[TimeControl "180+1"]
[Date "2022.10.18"]
[WhiteClock "0:01:48"]
[BlackClock "0:00:01"]

1. b3 e5 2. Bb2 Nc6 3. Nf3 e4 4. Nd4 Nxd4 5. Bxd4 Ne7 6. e3 Nf5 7. Bb2 Nh4 8. Qh5 d5 9. c4 Bf5 10. cxd5 g6 11. Bb5+ c6 12. dxc6 Nxg2+ 13. Kf1 Qb6 14. Qe2 Bh3 15. cxb7+ Ke7 16. bxa8=Q Nf4+ 17. Ke1 Nxe2 18. Qe8+ Kd6 19. Qe5# 1-0


[Site "https://www.chess.com"]

[Event "Titled Tuesday Blitz October 18 Late 2022"]
[White "Lizak, Peter"]
[Black "Kaganskiy, Gleb"]
[WhiteFideId "731595"]
[BlackFideId "4132025"]
[WhiteElo "2420"]
[BlackElo "2165"]
[Result "1-0"]
[Round "02"]
[TimeControl "180+1"]
[Date "2022.10.19"]
[WhiteClock "0:02:05"]
[BlackClock "0:02:00"]

1. d4 d5 2. Nc3 c6 3. Bf4 Nf6 4. e3 g6 5. h4 h6 6. Nf3 Bg7 7. Ne5 Nbd7 8. Be2 Qb6 9. a3 Nxe5 10. Bxe5 O-O 11. g4 Ne4 12. Nxe4 dxe4 13. Bxg7 Kxg7 14. b3 Be6 15. Qd2 c5 16. d5 Rad8 17. Qc3+ f6 18. dxe6 1-0


[Site "https://www.chess.com"]

[Event "Titled Tuesday Blitz October 18 Late 2022"]
[White "Lorenzo De La Riva, Lazaro"]
[Black "Goryachkina, Aleksandra"]
[WhiteFideId "2268809"]
[BlackFideId "4147103"]
[WhiteElo "2325"]
[BlackElo "2484"]
[Result "1/2-1/2"]
[Round "02"]
[TimeControl "180+1"]
[Date "2022.10.19"]
[WhiteClock "0:00:17"]
[BlackClock "0:00:09"]

1. e4 c5 2. Nf3 e6 3. d4 cxd4 4. Nxd4 Nf6 5. Nc3 Nc6 6. Nxc6 bxc6 7. e5 Nd5 8. Ne4 Qc7 9. f4 Qb6 10. c4 Bb4+ 11. Ke2 O-O 12. Kf3 f6 13. exf6 Nxf6 14. Be3 Qc7 15. Nxf6+ Rxf6 16. Bd3 d5 17. cxd5 exd5 18. Qc2 g6 19. g3 Bb7 20. Rhf1 c5 21. Kf2 Raf8 22. a3 d4 23. axb4 dxe3+ 24. Kxe3 Qe7+ 25. Kd2 cxb4 26. Qc4+ Kh8 27. Rfe1 Qd7 28. Rxa7 Rd8 29. Re3 Rd6 30. Ke1 Rxd3 31. Rxd3 Qxd3 32. Qxd3 Rxd3 33. Rxb7 Rb3 34. Kf1 Rxb2 35. Kg1 b3 36. Kh1 Kg8 37. Kg1 h5 38. h3 Kf8 39. g4 hxg4 40. hxg4 Ke8 41. Kf1 Kd8 42. Kg1 Kc8 43. Rb4 Kd7 44. f5 gxf5 45. gxf5 Kd6 46. Rb5 Ke7 47. Kf1 Kf7 48. Ke1 Rb1+ 49. Kd2 Rf1 50. Kc3 Kf6 51. Kxb3 Rb1+ 52. Ka4 Rxb5 53. Kxb5 Kxf5 1/2-1/2


[Site "https://www.chess.com"]

[Event "Titled Tuesday Blitz October 18 Late 2022"]
[White "Madaminov, Mukhiddin"]
[Black "Araujo Sanchez, Josue"]
[WhiteFideId "14210703"]
[BlackFideId "6416896"]
[WhiteElo "2341"]
[BlackElo "2370"]
[Result "1-0"]
[Round "02"]
[TimeControl "180+1"]
[Date "2022.10.18"]
[WhiteClock "0:00:18"]
[BlackClock "0:00:42"]

1. d4 Nf6 2. Nc3 e6 3. Bf4 Bb4 4. e3 Nd5 5. Ne2 Nxf4 6. Nxf4 O-O 7. Bd3 f5 8. h4 c5 9. a3 Ba5 10. d5 e5 11. Ne2 d6 12. Rb1 a6 13. b4 cxb4 14. axb4 Bb6 15. Na4 Bc7 16. c4 Nd7 17. c5 Nf6 18. Bc4 Kh8 19. f3 Bd7 20. Nac3 Qe7 21. Qd3 e4 22. Qd4 dxc5 23. bxc5 Be5 24. d6 Qe8 25. Qd2 exf3 26. gxf3 Bc6 27. Rh3 Nd7 28. Nd5 Nxc5 29. Nc7 Qd7 30. Nxa8 Rxa8 31. Rd1 f4 32. Rh1 Bxf3 33. Rf1 Bxe2 34. Qxe2 Bc3+ 35. Kf2 fxe3+ 36. Qxe3 Rf8+ 37. Kg3 Re8 38. Qxc5 h6 39. Qf5 Be5+ 40. Kh3 Qc6 41. Bd3 1-0


[Site "https://www.chess.com"]

[Event "Titled Tuesday Blitz October 18 Late 2022"]
[White "Mahdavi, Reza"]
[Black "Obrien, Matthew"]
[WhiteFideId "12595926"]
[BlackFideId "2059150"]
[WhiteElo "2822"]
[BlackElo "2543"]
[Result "1-0"]
[Round "02"]
[TimeControl "180+1"]
[Date "2022.10.19"]
[WhiteClock "0:01:32"]
[BlackClock "0:00:02"]

1. e4 c5 2. Nf3 d6 3. Bb5+ Nd7 4. c3 Nf6 5. Qe2 a6 6. Ba4 b5 7. Bc2 c4 8. d4 cxd3 9. Bxd3 Bb7 10. Nbd2 Nc5 11. Bc2 e6 12. O-O Be7 13. Re1 O-O 14. b3 e5 15. Bb2 g6 16. Rad1 Nh5 17. c4 Nf4 18. Qe3 Qc8 19. g3 Qg4 20. Kh1 Nh3 21. Kg2 f5 22. b4 Ne6 23. c5 f4 24. Qb3 fxg3 25. fxg3 Kg7 26. Rf1 Nef4+ 27. Kh1 Ne2 28. cxd6 Bf6 29. Nxe5 Qh5 30. Rxf6 Rxf6 31. Rf1 Rxf1+ 32. Nxf1 Nf2+ 33. Kg2 Nxe4 34. Nc6+ 1-0


[Site "https://www.chess.com"]

[Event "Titled Tuesday Blitz October 18 Late 2022"]
[White "Manukian, Artak"]
[Black "Rose, Felix"]
[WhiteFideId "13301373"]
[BlackFideId "5105722"]
[WhiteElo "2470"]
[BlackElo "2039"]
[Result "1-0"]
[Round "02"]
[TimeControl "180+1"]
[Date "2022.10.19"]
[WhiteClock "0:00:08"]
[BlackClock "0:00:02"]

1. e4 c5 2. Nf3 d6 3. Bb5+ Bd7 4. Bxd7+ Nxd7 5. c4 Ngf6 6. Nc3 a6 7. O-O g6 8. d3 Bg7 9. Rb1 b5 10. a4 b4 11. Nd5 O-O 12. b3 Ng4 13. Bb2 Bxb2 14. Rxb2 e6 15. Ne3 h5 16. Nxg4 hxg4 17. Ne1 Qh4 18. d4 Kg7 19. f4 cxd4 20. Qxd4+ Qf6 21. e5 dxe5 22. Qxd7 exf4 23. Rbf2 g5 24. Qd1 Qf5 25. Nc2 Rfd8 26. Qa1+ e5 27. Nxb4 f6 28. Nd5 Rh8 29. Qd1 Rxh2 30. Rxf4 gxf4 31. Kxh2 g3+ 32. Kg1 Qh7 33. Qg4+ Kh8 34. Qh3 Qxh3 35. gxh3 Kg7 36. a5 Rb8 37. b4 Rc8 38. c5 Rd8 39. Nxf4 exf4 40. Rxf4 Rd2 41. Rc4 Kg6 42. c6 Rd8 43. Kg2 f5 44. Kxg3 Rc8 45. Kf4 Kf6 46. c7 Ke6 47. h4 Kf6 48. Rc6+ Ke7 49. Kxf5 Kd7 50. Rc5 Rf8+ 51. Ke4 Kc8 52. h5 Rh8 53. Kf4 Rf8+ 54. Kg5 Rg8+ 55. Kf6 Re8 56. h6 Re1 57. h7 Rf1+ 58. Kg6 Rg1+ 59. Rg5 1-0


[Site "https://www.chess.com"]

[Event "Titled Tuesday Blitz October 18 Late 2022"]
[White "Marcolino, Daniel Mattos"]
[Black "Huber, Benedikt"]
[WhiteFideId "2106841"]
[BlackFideId "12923583"]
[WhiteElo "2052"]
[BlackElo "2199"]
[Result "0-1"]
[Round "02"]
[TimeControl "180+1"]
[Date "2022.10.19"]
[WhiteClock "0:00:30"]
[BlackClock "0:01:30"]

1. d4 e6 2. Nf3 f5 3. g3 Nf6 4. Bg2 Be7 5. O-O O-O 6. b3 d6 7. Bb2 a5 8. c4 Qe8 9. Nc3 Nbd7 10. Qc2 e5 11. dxe5 dxe5 12. e4 f4 13. Nd5 Bd8 14. Rfe1 fxg3 15. hxg3 c6 16. Ne3 Bc7 17. Rad1 Nc5 18. Ba3 Nfxe4 19. Nh4 Rxf2 20. Qxf2 Nxf2 21. Kxf2 g5 22. Nhf5 Qf7 23. g4 Bxf5 24. Nxf5 Ne6 25. Kg3 Kh8 26. Bd6 Bxd6 27. Rxd6 Rd8 28. Rxe5 Rxd6 29. Nxd6 Qf4+ 0-1


[Site "https://www.chess.com"]

[Event "Titled Tuesday Blitz October 18 Late 2022"]
[White "Marin Masis, Jose Esteban"]
[Black "Ferreira, Vitor Hugo Vieira"]
[WhiteFideId "6508146"]
[BlackFideId "2119765"]
[WhiteElo "1838"]
[BlackElo "2168"]
[Result "0-1"]
[Round "02"]
[TimeControl "180+1"]
[Date "2022.10.19"]
[WhiteClock "0:00:15"]
[BlackClock "0:00:24"]

1. e4 c5 2. Nf3 d6 3. d4 cxd4 4. Nxd4 Nf6 5. Nc3 a6 6. Bd3 e5 7. Nf3 Be7 8. O-O h6 9. Nd5 Nxd5 10. exd5 O-O 11. Nd2 f5 12. c3 Nd7 13. Nb3 Nf6 14. Be3 Kh8 15. c4 f4 16. Bd2 e4 17. Be2 f3 18. gxf3 Bh3 19. Nd4 Bxf1 20. Qxf1 exf3 21. Bxf3 Qe8 22. Ne6 Qg6+ 23. Qg2 Qxg2+ 24. Kxg2 Rfc8 25. b3 b5 26. Rc1 Nd7 27. Bc3 Bf6 28. Bb4 Be5 29. c5 dxc5 30. Bxc5 Nxc5 31. Rxc5 Rxc5 32. Nxc5 a5 33. Nd7 Bd4 34. Bg4 Ra6 35. Be6 a4 36. b4 Bc3 37. Nb8 Rd6 38. Nc6 g5 39. Kf3 Kg7 40. Ke4 Kf6 41. Nd4 Bxb4 42. Nxb5 Rb6 43. Nd4 Bc5 44. Nc6 Bxf2 45. Bd7 Bg1 46. h3 Rb2 47. d6 Rxa2 48. Bg4 Rd2 49. d7 Bb6 50. Nb4 a3 51. Nd5+ Rxd5 52. Kxd5 a2 53. Kc6 Bd8 0-1


[Site "https://www.chess.com"]

[Event "Titled Tuesday Blitz October 18 Late 2022"]
[White "Marin Ramirez, Gerardo"]
[Black "Omariev, Maksim"]
[WhiteFideId "3901068"]
[BlackFideId "4193423"]
[WhiteElo "2041"]
[BlackElo "2436"]
[Result "0-1"]
[Round "02"]
[TimeControl "180+1"]
[Date "2022.10.19"]
[WhiteClock "0:00:13"]
[BlackClock "0:01:47"]

1. d4 Nf6 2. Nf3 g6 3. e3 Bg7 4. c4 O-O 5. Nc3 d6 6. h3 Nc6 7. Be2 e5 8. O-O a6 9. b3 Qe7 10. Bb2 h5 11. Nd5 Nxd5 12. cxd5 Nb4 13. dxe5 Bf5 14. exd6 Qxd6 15. Bxg7 Kxg7 16. e4 Bxe4 17. Qd4+ Kg8 18. Qxe4 Rfe8 19. Qc4 b5 20. Qc1 Rxe2 21. Qh6 Nxd5 22. Ng5 Nf6 23. Rad1 Qe7 0-1


[Site "https://www.chess.com"]

[Event "Titled Tuesday Blitz October 18 Late 2022"]
[White "Mazurkiewicz, Michal"]
[Black "Martinez Reyes, Pedro Ramon"]
[WhiteFideId "1124943"]
[BlackFideId "3901807"]
[WhiteElo "2063"]
[BlackElo "2354"]
[Result "0-1"]
[Round "02"]
[TimeControl "180+1"]
[Date "2022.10.19"]
[WhiteClock "0:00:04"]
[BlackClock "0:01:18"]

1. e4 c6 2. d3 d5 3. Nd2 e5 4. Ngf3 Bd6 5. d4 exd4 6. exd5 Nf6 7. dxc6 Nxc6 8. Be2 O-O 9. Nb3 Re8 10. O-O Bg4 11. h3 Bxf3 12. Bxf3 Be5 13. Nc5 Qc7 14. Nd3 Bh2+ 15. Kh1 Bd6 16. Bd2 Rad8 17. Re1 Ne5 18. Nxe5 Bxe5 19. Bb4 a5 20. Bd2 b6 21. Qe2 Qxc2 22. Rec1 d3 23. Qf1 Qxd2 0-1


[Site "https://www.chess.com"]